AoeStats
← Sr_X

Arabia

507821084Analyzed
1v1 RM · 13d ago on Sep 19, 2026· 41m 18s· 2 players
Game mode
Random Map
Map size
Tiny (2 player)
Population
200
Speed
Normal
Resources
Standard
Victory
Conquest
Starting age
Dark Age
Ending age
Imperial Age
RankedLock teamsTeams togetherTeam positionsShared explorationLock speedFull tech treeHidden civsTurbo modeCheats
Victory
Defeat
🇧🇷 Franks · Brazil
632
+16
🇨🇱 Mongols · Chile
631
-16
Sr_X
10:29 Feudal Age
11:23 Feudal Age
12:50 Loom
16:38 Castle Age
16:18 Double-Bit Axe
16:56 Fletching
24:29 Pikeman
31:01 Bodkin Arrow
34:59 Scale Barding Armor
37:01 Chain Barding Armor
38:17 Ballistics
dompedro88
12:14 Feudal Age
12:10 Loom
17:11 Castle Age
15:29 Double-Bit Axe
16:40 Gold Mining
18:58 Wheelbarrow
18:09 Town Watch
25:11 Husbandry
25:24 Forging
25:19 Scale Barding Armor
30:28 Bow Saw
30:20 Pikeman
33:20 Gold Shaft Mining
32:16 Elite Skirmisher
37:51 Imperial Age
36:54 Fletching
37:05 Padded Archer Armor
42:06 Ballistics
Connection lost

Rejoining the realm…

Still unreachable

The connection could not be restored.

Session expired

The server has moved on; the page needs a fresh start.